 Dungeon Crawl Stone Soup version 0.24.0-1-gfbc8707 (webtiles) character file.

Game seed: 6926642091321015553, levelgen mode: deterministic

1845 Buxparty the Chopper (level 8, -7/58 HPs)
             Began as a Mummy Fighter on Jan 7, 2020.
             Was an Initiate of Gozag.
             Mangled by an orc warrior
             ... wielding a +0 halberd
              (17 damage)
             ... on level 6 of the Dungeon.
             The game lasted 00:20:08 (7237 turns).

Buxparty the Chopper (Mummy Fighter)                Turns: 7237, Time: 00:20:08

Health: -7/58      AC:  9    Str: 22    XL:     8   Next: 88%
Magic:  8/8        EV:  7    Int:  7    God:    Gozag
Gold:   200        SH:  9    Dex: 11    Spells: 7/7 levels left

rFire    . . .     SeeInvis .   m - +0 war axe
rCold    + + .     Gourm    .   c - +0 shield
rNeg     + + +     Faith    .   b - +0 scale mail
rPois    ∞         Spirit   .   n - +1 helmet of Magic {rElec}
rElec    +         Reflect  .   d - scarf {rC+ rF+}
rCorr    .         Harm     .   (no gloves)
MR       +....                  (no boots)
Stlth    ..........             (no amulet)
HPRegen  0.19/turn              (no ring)
MPRegen  0.11/turn              (no ring)

@: no status effects
A: no food or potions, fire vulnerability, cold resistance 1, negative energy
resistance 3, torment resistance, unbreathing
a: Potion Petition, Call Merchant, Bribe Branch, Renounce Religion


You were on level 6 of the Dungeon.
You worshipped Gozag.
Gozag was aware of your devotion.
You were not hungry.

You visited 2 branches of the dungeon, and saw 7 of its levels.

You collected 267 gold pieces.
You paid 67 gold pieces to Gozag.

Inventory:

Hand Weapons
 m - a +0 war axe (weapon)
Missiles
 k - 2 curare-tipped darts (quivered)
 l - 3 atropa-tipped darts
 o - a throwing net
Armour
 b - a +0 scale mail (worn)
 c - a +0 shield (worn)
 d - a scarf of resistance (worn)
 g - a +0 ring mail
 n - the +1 helmet of Magic (worn) {rElec}
   (You found it on level 4 of the Dungeon)

   It insulates you from electricity.
Wands
 r - a wand of scattershot (6)
Scrolls
 a - a scroll of remove curse
 e - a scroll of random uselessness
 f - a scroll of fog
 h - 9 scrolls of identify
 i - a scroll of fear {unknown}
 j - 3 scrolls of magic mapping
 p - a scroll of teleportation


   Skills:
 - Level 3.2 Fighting
 * Level 7.9 Axes
 + Level 6.1 Armour
 - Level 2.6 Shields


You had 7 spell levels left.
You didn't know any spells.
Your spell library was empty.

Dungeon Overview and Level Annotations

Branches:
Dungeon (6/15)             Temple (1/1) D:5

Altars:
Ashenzari
Cheibriados
Dithmenos
Fedhas
Gozag
Kikubaaqudgha
Nemelex Xobeh
Okawaru
Qazlal
Ru
Trog
Uskayaw
Vehumet
Wu Jian
Xom
Yredelemnul
Zin
The Shining One

Annotations:
D:6 1 runed translucent door, Buxparty's ghost, novice DDAr


Innate Abilities, Weirdness & Mutations

You do not eat or drink.
Your flesh is vulnerable to fire.
You are immune to poison.
Your flesh is cold resistant. (rC+)
You are immune to negative energy. (rN+++)
You are immune to unholy pain and torment.
You can survive without breathing.


Message History

The orc warrior is heavily wounded.
The orc warrior hits you with a +0 halberd.
You hit the orc warrior.
The orc warrior is heavily wounded.
The orc warrior barely misses you.
Your shield and scale mail prevent you from hitting the orc warrior.
The orc warrior is heavily wounded.
The orc warrior hits you with a +0 halberd!
* * * LOW HITPOINT WARNING * * *
You barely miss the orc warrior.
The orc warrior is heavily wounded.
The orc warrior barely misses you.
You hit the orc warrior but do no damage.
The orc warrior is heavily wounded.
The orc warrior completely misses you.
You closely miss the orc warrior.
The orc warrior is heavily wounded.
The orc warrior hits you with a +0 halberd!
You die...
Your body crumbles into a pile of gold.

+#
#######.###.##
#.............
#.##...##.####
#>.'...+...
####...##.#
#...##.#
#.oo##.#
#...##@#
#....o##
#.....#
#.....#
#.....#
#.....#
#.....#
#.....#
#######


You could see an orc warrior.

Vanquished Creatures
  Pikel (D:4)
  Sigmund (D:5)
  An ice beast (D:5)
  2 centaurs (D:4)
  2 bullfrogs
  A howler monkey (D:4)
  A bullfrog zombie (D:5)
  Crazy Yiuf (D:4)
  A hound (D:4)
  A jelly (D:5)
  A bullfrog skeleton (D:5)
  3 orc priests
  A gnoll shaman (D:4)
  2 orc wizards
  An iguana (D:5)
  4 worker ants
  9 gnolls
  13 adders
  2 oozes
  2 adder zombies (D:5)
  6 worms
  A dart slug (D:1)
  3 leopard geckos
  21 orcs
  4 ball pythons
  7 bats
  5 giant cockroaches
  11 goblins
  6 hobgoblins
  7 jackals
  5 kobolds
  3 quokkas
  4 frilled lizards
  16 rats
  A spectral orc (D:5)
  3 fungi (D:4)
153 creatures vanquished.

Notes
Turn   | Place    | Note
-------+----------+-------------------------------------------
     0 | D:1      | Buxparty the Mummy Fighter began the quest for the Orb.
     0 | D:1      | Reached XP level 1. HP: 18/18 MP: 1/1
    83 | D:1      | Reached XP level 2. HP: 18/24 MP: 2/2
   276 | D:1      | Reached skill level 2 in Axes
   504 | D:2      | Reached XP level 3. HP: 26/29 MP: 3/3
   645 | D:2      | Found a shattered altar of Ashenzari.
   649 | D:2      | Saw a vision of the Shoals and the Snake Pit.
   649 | D:2      | Noticed a merfolk
   649 | D:2      | Noticed a merfolk
   649 | D:2      | Noticed a naga warrior
   649 | D:2      | Noticed a naga
   649 | D:2      | Noticed a naga ritualist
   649 | D:2      | Noticed a naga
   649 | D:2      | Noticed a naga
   649 | D:2      | Noticed a salamander
   649 | D:2      | Noticed a merfolk
   649 | D:2      | Noticed a naga
   649 | D:2      | Noticed a naga
   649 | D:2      | Noticed a sea snake
   649 | D:2      | Noticed a naga
   649 | D:2      | Noticed a merfolk siren
   649 | D:2      | Noticed a naga
   649 | D:2      | Noticed a naga
   691 | D:2      | Reached XP level 4. HP: 31/35 MP: 4/4
   931 | D:2      | Noticed a bullfrog
   948 | D:2      | Killed a bullfrog
   948 | D:2      | Reached skill level 3 in Axes
   948 | D:2      | Reached XP level 5. HP: 17/41 MP: 5/5
  1254 | D:3      | HP: 2/41 [adder (2)]
  1940 | D:3      | Reached skill level 4 in Axes
  2316 | D:3      | Reached XP level 6. HP: 32/47 MP: 6/6
  2811 | D:3      | Found a sparkling altar of Nemelex Xobeh.
  3196 | D:4      | Got a transparent helmet
  3233 | D:4      | Reached skill level 5 in Axes
  3531 | D:4      | Reached XP level 7. HP: 50/52 MP: 7/7
  3852 | D:4      | Noticed a moth of wrath
  3854 | D:4      | Found a bloodstained altar of Trog.
  3965 | D:4      | Noticed Pikel
  4096 | D:4      | Killed Pikel
  4096 | D:4      | Reached skill level 6 in Axes
  4096 | D:4      | Reached skill level 5 in Armour
  4096 | D:4      | Reached XP level 8. HP: 6/58 MP: 8/8
  4625 | D:4      | Found a runed translucent door.
  4626 | D:4      | Noticed Crazy Yiuf
  4634 | D:4      | Killed Crazy Yiuf
  4707 | D:5      | Entered Level 5 of the Dungeon
  5114 | D:5      | Noticed Sigmund
  5125 | D:4      | Reached skill level 7 in Axes
  5434 | D:5      | Killed Sigmund
  5724 | D:5      | Identified the +1 helmet of Magic {rElec} (You found it on
                  | level 4 of the Dungeon)
  5760 | D:5      | Found a staircase to the Ecumenical Temple.
  5839 | Temple   | Entered the Ecumenical Temple
  5894 | Temple   | Became a worshipper of Gozag Ym Sagoz the Greedy
  5936 | D:5      | Found a basalt altar of Yredelemnul.
  6840 | D:6      | Found a runed translucent door.
  6840 | D:6      | Found a shimmering altar of Xom.
  6840 | D:6      | Noticed Buxparty's ghost (novice DDAr)
  6840 | D:6      | Noticed a +2 hand axe of chaos
  7237 | D:6      | Mangled by an orc warrior

Levels and vault maps discovered:
D:1:      lightli_arrival_quake, layout_rooms, minivault_26, minivault_26,
          ebering_dispersal_statue_hall, minmay_fountain_box
D:2:      layout_basic, grunt_decor_cap, grunt_ashenzari_visionary
          [grunt_ashenzari_visionary_shoals, grunt_ashenzari_visionary_snake]
D:3:      layout_rooms, nemelex_dance_club_becter
D:4:      layout_loops_corners, tgw_trog, first_ration, uniq_pikel,
          uniq_crazy_yiuf_cottage
D:5:      layout_cave_pools, yredelemnul_forgotten_temple_becter,
          temple_statues, kennysheep_generic_room_11, uniq_sigmund
D:6:      layout_basic, serial_shops, nicolae_shop_crystal, ebering_ghost_xom,
          uniq_edmund
Temple:   zaba_magenta_temple

Skill      XL: |  1  2  3  4  5  6  7  8 |
---------------+-------------------------+-----
Axes           | 2 3 4 5 6 7 |  7.9
Armour         | 3 4 5 6 |  6.1
Fighting       | |  3.2
Shields        | |  2.6

Action                   |  1- 3 |  4- 6 |  7- 9 || total
-------------------------+-------+-------+-------++-------
Melee: War axe           |   120 |   237 |   187 ||   544
       Unarmed           |       |       |   329 ||   329
Throw: Dart              |       |     4 |    11 ||    15
  Use: Scroll            |       |     5 |     4 ||     9
Armor: Scale mail        |    14 |       |   143 ||   157
       Ring mail         |    34 |   118 |    61 ||   213
Dodge: Dodged            |    38 |   109 |   155 ||   302
Block: Shield            |    71 |   179 |   247 ||   497
